 Dungeon Crawl Stone Soup version 0.29.1-15-g9cfb28693d (webtiles) character file.

Game seed: 9845332345067631026

25 Artool the Trooper (level 2, -4/24 HPs)
             Began as a Demonspawn Fighter on Apr 6, 2023.
             Slain by Natasha (8 damage)
             ... on level 2 of the Dungeon.
             The game lasted 00:01:35 (798 turns).

Artool the Trooper (Demonspawn Fighter)              Turns: 798, Time: 00:01:35

Health: -4/24      AC:  9    Str: 16    XL:     2   Next: 82%
Magic:  2/2        EV:  8    Int:  9    God:
Gold:   52         SH:  4    Dex: 12    Spells: 1/1 levels left

rFire   . . .      SeeInvis .   a - +0 flail
rCold   . . .      Faith    .   c - +0 buckler
rNeg    . . .      Spirit   .   b - +0 scale mail
rPois   .          Reflect  .   (no helmet)
rElec   .          Harm     .   e - +2 cloak
rCorr   .          Rampage  .   (no gloves)
Will    .....                   (no boots)
Stlth   ..........              (no amulet)
HPRegen 0.08/turn               (no ring)
MPRegen 0.08/turn               (no ring)

@: no status effects
A: demonic touch 1
a: no special abilities


You were on level 2 of the Dungeon.
You visited 1 branch of the dungeon, and saw 2 of its levels.

You collected 52 gold pieces.

Inventory:

Hand Weapons
 a - a +0 flail (weapon)
Armour
 b - a +0 scale mail (worn)
 c - a +0 buckler (worn)
 e - a +2 cloak (worn)
Potions
 d - 2 potions of might


   Skills:
 + Level 3.3 Fighting
 + Level 2.1 Maces & Flails
 + Level 3.0 Armour
 - Level 3.0 Shields


You had one spell level left.
You didn't know any spells.
Your spell library was empty.

Dungeon Overview and Level Annotations

Branches:
Dungeon (2/15)

Altars:

Annotations:
D:2 Natasha


Innate Abilities, Weirdness & Mutations

Your touch may inflict minor irresistible damage on your foes.


Message History

No target in view!
No target in view!
No target in view!
No target in view!
No target in view!
No target in view!
No target in view!
No target in view!
No target in view!
No target in view!
HP restored.
Natasha, Servant of Life and Death comes into view.
Natasha hisses angrily.
Natasha stares at you and mumbles some strange words.
The magic dart hits you but does no damage.
You block Natasha's attack.
Natasha mumbles some strange words.
Natasha barely misses you. The crimson imp hits you. Natasha claws you.
The crimson imp hits you but does no damage.
Natasha claws you. The crimson imp misses you. You block Natasha's attack.
The crimson imp blinks!
Natasha claws you but does no damage. Natasha closely misses you.
Natasha barely misses you. Natasha claws you.
Natasha claws you but does no damage. Natasha claws you!
* * * LOW HITPOINT WARNING * * *
Natasha claws you but does no damage. The crimson imp closely misses you.
You block Natasha's attack. The crimson imp barely misses you.
Natasha wildly gestures.
Natasha shimmers violently.
Natasha barely misses you. The crimson imp hits you.
* * * LOW HITPOINT WARNING * * *
Natasha claws you.
* * * LOW HITPOINT WARNING * * *
You block the crimson imp's attack. Natasha claws you!
You die...

....# #.# #.#.#
#.# .# #.#.#.#.#
.. #.#.#.#.# .#
#.#.#.#.# .#
#.#.#.#.# .#
#<#.#.#.##.######
#.....#.#h5......
#.###.#.#@!#####
#................
#####.#.#########
#.#... #.......
#########


You could see Natasha and a crimson imp (summoned).

Vanquished Creatures
  2 bats
  An endoplasm (D:1)
  2 giant cockroaches (D:1)
  2 hobgoblins (D:1)
  3 jackals (D:1)
  A kobold (D:1)
  A quokka (D:1)
  3 ball pythons (D:1)
  A frilled lizard (D:1)
  3 goblins (D:1)
  2 rats (D:1)
21 creatures vanquished.

Notes
Turn   | Place    | Note
-------+----------+-------------------------------------------
     0 | D:1      | Artool the Demonspawn Fighter began the quest for the Orb.
     0 | D:1      | Reached XP level 1. HP: 18/18 MP: 1/1
   252 | D:1      | Gained mutation: Your touch may inflict minor irresistible
                  | damage on your foes. [demonic ancestry]
   252 | D:1      | Reached XP level 2. HP: 22/24 MP: 2/2
   778 | D:2      | Noticed Natasha
   784 | D:2      | Noticed a crimson imp
   798 | D:2      | Slain by Natasha

Illustrated notes

Levels and vault maps discovered:
D:1:      dpeg_arrival_prison, layout_rooms, hex_tiny, minivault_24
D:2:      layout_basic, uniq_jessica, uniq_natasha, uniq_robin

Skill      XL: |  1  2 |
---------------+-------+-----
Maces & Flails | 2 |  2.1
Armour         | 3 |  3.0
Shields        | 3 |  3.0
Fighting       | |  3.3

Action                   || total
-------------------------++-------
Melee: Flail             ||    72
Armor: Scale mail        ||    52
Dodge: Dodged            ||    56
Block: Buckler           ||    27
